Map: Romanticide LE

Players

Seither - Winner!

  • Race: Terran Terran
  • League: Grandmaster
  • Spawn Location: 5:00

TeebuL

  • Race: Protoss Protoss
  • Spawn Location: 11:00

Event: DreamHack SC2 Masters 2020 Winter

VOD

Have the link to the VOD?

Description

Time

  • Played on: Oct. 23, 2020, 6:26 a.m.
  • Length: 13:08

All games in this series

Show
View Real Time Build Order
Export as new Build Order

Seither Terran - Winner!

Build Orders: Reaper Expand 

Get SALT Encoding   

  12  0:00  SCV  
  13  0:12  SCV  
  14  0:17  Supply Depot  
  14  0:24  SCV  
  15  0:39  SCV  
  15  0:40  Barracks  
  16  0:43  Refinery  
  16  0:51  SCV  
  17  1:03  SCV  
  18  1:15  SCV  
  19  1:29  Reaper, Orbital Command  
  20  1:42  Command Center  
  20  1:51  Supply Depot  
  20  1:56  SCV  
  20  2:00  Marine  
  22  2:08  SCV  
  22  2:11  Factory  
  23  2:20  SCV  
  23  2:21  Barracks Reactor  
  24  2:25  Bunker  
  24  2:33  SCV  
  24  2:34  Refinery  
  25  2:45  SCV  
  26  2:57  SCV, Orbital Command  
  27  2:59  Starport  
  27  3:00  Marine x2  
  27  3:05  Widow Mine  
  31  3:09  SCV  
  32  3:17  Marine  
  32  3:18  Marine  
  34  3:21  SCV  
  34  3:25  SCV  
  36  3:27  Widow Mine  
  36  3:28  Supply Depot  
  36  3:33  SCV  
  39  3:37  SCV, Medivac, Marine  
  43  3:45  SCV  
  43  3:49  SCV  
  43  3:51  Factory Tech Lab  
  43  3:53  Marine  
  43  3:55  Marine  
  45  4:01  SCV x2  
  48  4:07  Supply Depot  
  48  4:13  Command Center  
  48  4:14  Cyclone  
  51  4:22  Viking  
  51  4:23  SCV  
  54  4:25  Supply Depot  
  54  4:28  SCV, Marine x2  
  54  4:30  Supply Depot  
  57  4:37  SCV  
  58  4:41  SCV  
  59  4:45  Barracks  
  59  4:48  Barracks  
  59  4:49  Siege Tank  
  59  4:52  SCV  
  63  4:53  SCV  
  63  4:54  Supply Depot  
  63  4:56  Starport Tech Lab  
  63  4:58  Marine x2  
  66  5:05  SCV  
  66  5:06  SCV, Engineering Bay  
  68  5:08  Refinery  
  68  5:11  Refinery  
  68  5:17  SCV  
  68  5:18  SCV, Marine x2  
  72  5:25  Supply Depot, Siege Tank  
  75  5:33  Orbital Command  
  75  5:41  Marine x2  
  77  5:43  Starport Reactor  
  77  5:44  SCV x2  
  77  5:46  Terran Infantry Weapons Level 1  
  77  5:49  Barracks Tech Lab  
  77  5:54  Marauder  
  77  5:55  Stimpack  
  79  6:00  Barracks  
  79  6:01  Orbital Command, Marine x2  
  79  6:02  Barracks  
  79  6:03  Siege Tank  
  84  6:06  SCV x2  
  84  6:12  Combat Shield, Marauder  
  84  6:18  Missile Turret  
  86  6:19  Supply Depot  
  86  6:23  Marine  
  86  6:24  Marauder, Marine  
  90  6:28  SCV x3  
  90  6:30  Medivac  
  90  6:32  Medivac  
  97  6:40  SCV x3  
  97  6:45  Marauder, Marine x2  
  97  6:46  Siege Tank  
  107  6:50  Barracks Reactor  
  107  6:55  Marine  
  107  6:57  SCV x2  
  107  6:58  Refinery  
  107  6:59  Refinery  
  109  7:01  Supply Depot  
  109  7:02  Supply Depot x2  
  109  7:03  Barracks Tech Lab  
  109  7:04  Medivac  
  109  7:07  Marine x2  
  109  7:08  Marauder  
  111  7:12  SCV x3  
  111  7:15  Missile Turret  
  114  7:16  Marauder  
  114  7:17  Missile Turret  
  116  7:23  Medivac  
  116  7:24  Concussive Shells, Supply Depot x2, Marauder  
  116  7:26  SCV x3  
  123  7:31  Marauder, Marine x2  
  123  7:35  Siege Tank  
  130  7:38  Supply Depot  
  129  7:44  SCV  
  129  7:45  SCV x2  
  129  7:48  Bunker  
  129  7:49  Marauder x2  
  136  7:53  Marauder  
  136  7:55  Supply Depot  
  138  8:01  Medivac x2  
  138  8:02  Marine x2  
  138  8:03  Marine x2  
  146  8:07  Supply Depot  
  146  8:09  SCV  
  146  8:10  SCV x2  
  146  8:12  Siege Tank  
  152  8:17  Marauder x2  
  152  8:18  Marauder  
  158  8:27  Marine  
  158  8:32  Armory, Command Center  
  156  8:35  Engineering Bay  
  156  8:39  Marauder x2  
  154  8:51  Marauder, Marine x2, Ghost Academy  
  157  8:56  Marine  
  157  8:57  Marine  
  157  9:00  Marauder x2  
  163  9:05  SCV  
  163  9:06  SCV  
  163  9:08  Marine  
  163  9:09  Marine  
  151  9:16  Marine x2  
  137  9:21  Siege Tank  
  137  9:23  Medivac x2  
  138  9:32  Ghost x3  
  138  9:34  SCV x2  
  138  9:35  SCV  
  147  9:39  Supply Depot  
  147  9:40  Supply Depot  
  143  9:50  Marine  
  143  9:51  Marine  
  128  10:00  Ghost x3  
  128  10:03  Siege Tank  
  137  10:11  Marine  
  137  10:12  Marine x3, Terran Infantry Weapons Level 2  
  141  10:16  Refinery  
  141  10:20  Planetary Fortress  
  141  10:21  Barracks  
  141  10:22  Barracks  
  141  10:23  Barracks  
  140  10:29  Marauder, Marine x2  
  140  10:30  Marauder x2  
  148  10:38  Marine x2  
  150  10:47  Marine x2, Liberator  
  155  10:51  Marauder x3  
  155  10:55  Marine  
  160  11:00  Marine  
  159  11:05  Marine x2  
  159  11:10  Marine x2  
  156  11:12  SCV x2, Marauder x2  
  156  11:13  SCV x2, Marauder, Marine  
  156  11:17  Liberator  
  170  11:23  Missile Turret  
  170  11:24  SCV  
  171  11:25  Barracks Reactor  
  171  11:30  Liberator  
  171  11:31  Barracks Tech Lab x2  
  174  11:34  SCV x2, Marauder x2  
  174  11:35  SCV  
  174  11:36  SCV, Missile Turret  
  182  11:56  Marauder x5, Marine  
  193  12:03  Command Center  
  193  12:07  Liberator  
  196  12:11  Supply Depot  
  193  12:26  Marauder x2, Marine x3  
  197  12:33  Marine  
  197  12:34  Marine x2  
  167  12:40  Marine x2  
  167  12:41  Marauder  
  167  12:44  Marine  
Show
View Real Time Build Order
Export as new Build Order

TeebuL Protoss 

Build Orders: 1 Gate Expand, Oracle Opening 

Get SALT Encoding   

  12  0:01  Probe  
  14  0:14  Probe  
  14  0:18  Pylon  
  14  0:26  Probe  
  15  0:37  Gateway  
  15  0:39  Probe (Chrono Boost)  
  16  0:49  Probe (Chrono Boost), Assimilator  
  17  0:54  Probe (Chrono Boost)  
  18  1:05  Probe  
  19  1:17  Probe  
  20  1:28  Cybernetics Core  
  20  1:33  Nexus  
  20  1:36  Probe  
  21  1:45  Pylon  
  21  1:49  Probe  
  22  1:54  Assimilator  
  22  2:01  Probe  
  23  2:02  Adept (Chrono Boost)  
  23  2:06  Warp Gate  
  25  2:13  Probe  
  26  2:25  Probe  
  27  2:35  Stargate  
  26  2:37  Probe (Chrono Boost), Adept  
  29  2:48  Probe x2 (Chrono Boost)  
  31  2:56  Probe x2 (Chrono Boost)  
  33  3:00  Probe (Chrono Boost)  
  33  3:03  Probe  
  35  3:12  Probe  
  36  3:15  Probe  
  36  3:16  Oracle (Chrono Boost)  
  40  3:24  Probe, Gateway  
  40  3:26  Gateway  
  41  3:27  Probe  
  41  3:32  Pylon  
  42  3:36  Probe  
  42  3:40  Probe  
  44  3:46  Twilight Council  
  44  3:48  Probe  
  44  3:52  Probe  
  46  3:56  Pylon  
  46  4:00  Probe  
  47  4:04  Probe  
  47  4:06  Assimilator  
  48  4:13  Probe  
  48  4:16  Probe, Blink (Chrono Boost)  
  50  4:25  Probe  
  50  4:28  Probe  
  52  4:32  Nexus  
  52  4:34  Pylon  
  52  4:37  Stalker x3  
  58  4:42  Probe  
  59  4:46  Probe  
  59  4:52  Pylon  
  60  4:54  Probe  
  61  5:03  Pylon  
  61  5:05  Stalker, Forge  
  61  5:06  Stalker x2  
  67  5:07  Probe  
  67  5:08  Probe  
  69  5:19  Probe  
  69  5:20  Probe  
  71  5:31  Probe  
  71  5:32  Probe  
  73  5:36  Stalker x3, Protoss Ground Weapons Level 1 (Chrono Boost)  
  76  5:44  Phoenix  
  76  5:46  Probe  
  76  5:47  Probe  
  76  5:49  Probe  
  81  5:56  Charge  
  81  5:58  Probe  
  81  5:59  Probe  
  81  6:01  Gateway x2  
  81  6:03  Gateway  
  83  6:05  Gateway  
  83  6:06  Probe  
  83  6:11  Probe  
  85  6:13  Probe  
  86  6:25  Gateway  
  86  6:26  Probe, Assimilator  
  86  6:27  Probe  
  86  6:28  Gateway  
  86  6:29  Robotics Facility  
  86  6:30  Assimilator  
  88  6:34  Gateway  
  88  6:37  Templar Archives  
  88  6:40  Pylon  
  88  6:41  Probe  
  88  6:44  Probe  
  88  6:46  Probe  
  88  6:47  Sentry  
  93  6:50  Pylon  
  90  6:55  Probe  
  90  6:59  Shield Battery, Psionic Storm  
  91  7:02  Protoss Ground Armor Level 1 (Chrono Boost)  
  89  7:11  Probe  
  89  7:12  Probe  
  91  7:15  Assimilator  
  91  7:18  Warp Prism  
  93  7:23  Zealot x7  
  93  7:24  Zealot, High Templar  
  111  7:31  Photon Cannon  
  111  7:35  Photon Cannon  
  111  7:36  Pylon  
  111  7:38  Pylon  
  111  7:54  Zealot x3, High Templar x2  
  111  7:55  Zealot x2  
  125  8:08  Pylon  
  125  8:11  Zealot x3  
  131  8:13  Pylon  
  131  8:19  Pylon  
  131  8:24  Nexus  
  131  8:27  Immortal  
  135  8:30  Stalker  
  135  8:33  Zealot x6  
  149  8:39  Pylon  
  149  8:40  Pylon  
  139  8:50  Zealot x3  
  139  8:55  Zealot x6  
  146  9:02  Protoss Ground Weapons Level 2  
  121  9:15  Probe (Chrono Boost)  
  121  9:16  Probe (Chrono Boost)  
  118  9:21  Probe (Chrono Boost)  
  115  9:25  Probe (Chrono Boost)  
  115  9:26  High Templar x4  
  115  9:27  Zealot x3, High Templar x3  
  135  9:31  Probe  
  135  9:32  Probe, Archon x3  
  135  9:34  Probe  
  135  9:35  Assimilator  
  135  9:36  Probe  
  135  9:46  Immortal (Chrono Boost)  
  135  9:50  Robotics Bay  
  115  9:57  Probe x2  
  115  9:59  Zealot x8  
  131  10:00  Zealot  
  133  10:10  Forge  
  133  10:11  Pylon  
  133  10:17  Immortal (Chrono Boost)  
  133  10:18  Zealot  
  137  10:21  Zealot x3  
  137  10:22  Zealot  
  137  10:24  High Templar x3  
  151  10:28  Archon  
  147  10:52  Disruptor (Chrono Boost)  
  147  10:53  Zealot x7  
  158  10:58  Archon, Nexus  
  150  11:11  Zealot x3  
  131  11:26  Disruptor (Chrono Boost)  
  131  11:45  Zealot x6, Nexus  
  131  11:46  Zealot x4  
  147  12:04  Disruptor  
  150  12:09  High Templar x5  
  150  12:10  Zealot x5, Nexus  
  170  12:18  Archon  
  162  12:23  Archon  
  143  12:31  Zealot x3  
  143  12:32  Zealot x2  
  102  12:43  Stalker x5  
Tags
 
Add a new tag
Caveats
  • Supply blocks, unpowered buildings, or Contaminate may cause inaccurate times.
  • Supply counts are checked every 10 seconds.